 Dungeon Crawl Stone Soup version 0.20.1-1-g8b1a95d (webtiles) character file.

2914 tall the Cutter (level 9, 0/71 HPs)
             Began as a Demigod Transmuter on Oct 24, 2017.
             Slain by an ogre
             ... wielding a +0 giant spiked club
              (22 damage)
             ... on level 8 of the Dungeon on Oct 26, 2017.
             The game lasted 01:05:24 (7271 turns).

tall the Cutter (Demigod Transmuter)                Turns: 7271, Time: 01:05:25

Health: 0/71       AC:  9    Str: 17    XL:     9   Next: 25%
Magic:  17/17      EV: 16    Int: 19    God:
Gold:   435        SH:  4    Dex: 18    Spells: 13/14 levels left

rFire    . . .     SeeInvis .   g - +3 short sword
rCold    . . .     Gourm    .   (no shield)
rNeg     . . .     Faith    .   L - +0 ring mail
rPois    .         Spirit   .   (helmet restricted)
rElec    .         Reflect  +   B - +0 cloak
rCorr    .         Harm     .   (no gloves)
MR       .....                  l - +2 pair of boots {Fly}
Stlth    +++.......             A - +4 amulet of reflection
Regen    0.3/turn               h - +3 ring of evasion
MPRegen  0.2/turn               w - ring of stealth

@: flying, hasted, very quick
A: antennae 1, blurry vision 1, clever 1, high mp 1
a: Stop Flying


You were on level 8 of the Dungeon.
You were not hungry.

You visited 1 branch of the dungeon, and saw 8 of its levels.

You collected 435 gold pieces.

Inventory:

Hand Weapons
 e - a +0 short sword
 g - a +3 short sword (weapon)
 q - a +3 dagger
 u - a +0 vampiric dagger
 C - a +1 mace of venom
 K - a +1 flail of protection
Missiles
 a - 109 arrows
 y - 188 stones (quivered)
Armour
 b - a +0 robe
 l - a +2 pair of boots of flying (worn)
 B - a +0 cloak (worn)
 L - a +0 ring mail (worn)
Jewellery
 h - a +3 ring of evasion (left hand)
 v - an uncursed amulet of harm
 w - a ring of stealth (right hand)
 A - a +4 amulet of reflection (around neck)
Wands
 m - a wand of disintegration (8/24)
 D - a wand of flame (17/48)
 E - a wand of random effects (7/48)
 H - a wand of lightning (1/15)
Scrolls
 k - a scroll of amnesia
 p - 8 scrolls of remove curse
 r - a scroll of brand weapon {unknown}
 z - 3 scrolls of teleportation {unknown}
Potions
 f - a potion of cancellation
 i - a potion of flight
 x - a potion of brilliance {unknown}
 F - a potion of curing {unknown}
 G - a potion of lignification {unknown}
 M - 2 potions of resistance {unknown}
 N - a potion of agility
Books
 c - a book of Changes

   Spells                             Type                      Level
   a - Beastly Appendage              Transmutation                1
   b - Sticks to Snakes               Transmutation                2
   c - Spider Form                    Transmutation/Poison         3
   d - Ice Form                       Ice/Transmutation            4
   e - Blade Hands                    Transmutation                5
 n - a book of Cantrips

   Spells                             Type                      Level
   a - Confusing Touch                Hexes                        1
   b - Animate Skeleton               Necromancy                   1
   c - Summon Small Mammal            Summoning                    1
   d - Apportation                    Translocation                1
Comestibles
 d - 4 bread rations
 o - 4 meat rations
 t - a royal jelly
 I - 7 fruits


   Skills:
 + Level 4.2 Fighting
 + Level 7.3 Short Blades
   Level 1.0 Slings
 + Level 0.3(0.7) Throwing
 + Level 1.0 Armour
 + Level 4.2 Dodging
 + Level 4.9 Stealth
 + Level 3.1 Unarmed Combat
 + Level 3.4 Spellcasting
 + Level 4.1 Transmutations
 + Level 1.2 Evocations


You had 13 spell levels left.
You knew the following spells:

 Your Spells              Type           Power        Failure   Level  Hunger
a - Beastly Appendage     Tmut           ###...       4%          1    None


Dungeon Overview and Level Annotations

Branches:
Dungeon (8/15)             Temple (0/1) D:6
   Lair: D:8-11

Shops:
D:7 }


Innate Abilities, Weirdness & Mutations

You have an increased reservoir of magic. (+10% MP)
You have a pair of small antennae on your head.
Scrolls take you a little longer to read.
Your mind is acute. (Int +2)


Message History

You puncture the howler monkey!
The howler monkey is severely wounded.
The orc hits you with a hand axe.
You closely miss the howler monkey.
The howler monkey is severely wounded.
The howler monkey closely misses you.
It was a potion of mutation.
You feel extremely strange.
You feel clever.
Your vision blurs.
A pair of antennae grows on your head! The orc hits you but does no damage.
The howler monkey hoots and howls with incredible vigour!
You hear an angry hiss.
You hit the howler monkey.
The howler monkey is almost dead.
You puncture the howler monkey!
You kill the howler monkey!
The orc barely misses you.
You hit the ogre.
The ogre is lightly wounded.
The ogre hits you with a giant spiked club!!
You die...

##........##
#..........#
...........
#..........
#..........
##..........
###.......#
###.....O.##
.......@.†.##
........o...#
............##
#.?.#######..##
#..#. #..#
##..# #.... ##.
#..### .... #
#(.#)..#####...
#####<†.†......
##.##.##.....


You could see an ogre and an orc.

Vanquished Creatures
  A hippogriff (D:8)
  The ghost of letownia the Grave Robber, an amateur DDNe (D:4)
  A hungry ghost (D:7)
  An orc warrior (D:5)
  2 ice beasts
  A hornet zombie (D:6)
  7 ogres
  A centaur (D:7)
  4 bullfrogs
  A scorpion (D:4)
  4 howler monkeys
  A bullfrog zombie (D:6)
  2 crimson imps (D:7)
  2 hounds
  A jelly (D:7)
  2 bullfrog skeletons (D:5)
  Crazy Yiuf (D:4)
  3 centaur skeletons
  3 orc priests
  4 orc wizards
  2 iguanas
  4 worker ants
  2 hound skeletons (D:5)
  A worker ant zombie (D:8)
  A howler monkey skeleton (D:6)
  A gnoll (D:1)
  9 adders
  A shadow imp (D:6)
  3 oozes
  An adder zombie (D:5)
  3 worms (D:2)
  A dart slug (D:1)
  4 leopard geckos
  18 orcs
  2 ball pythons
  5 bats
  14 giant cockroaches
  6 hobgoblins
  6 jackals
  A quokka (D:2)
  6 frilled lizards
  5 goblins
  9 kobolds
  A leopard gecko zombie (D:6)
  2 quokka skeletons
  A quokka zombie (D:5)
  6 rats
158 creatures vanquished.

Notes
Turn   | Place    | Note
-------+----------+-------------------------------------------
     0 | D:1      | tall the Demigod Transmuter began the quest for the Orb.
     0 | D:1      | Reached XP level 1. HP: 15/15 MP: 5/5
     6 | D:1      | Noticed a black bear
     6 | D:1      | Noticed a lindwurm
     6 | D:1      | Noticed a water moccasin
   271 | D:1      | Reached skill level 1 in Fighting
   271 | D:1      | Reached XP level 2. HP: 19/23 MP: 5/7
   897 | D:2      | Found a shattered altar of Ashenzari.
  1094 | D:2      | Reached XP level 3. HP: 26/28 MP: 8/8
  1290 | D:2      | Reached skill level 1 in Short Blades
  1321 | D:2      | Found a burning altar of Makhleb.
  1897 | D:3      | Reached XP level 4. HP: 31/35 MP: 9/9
  1900 | D:3      | Reached skill level 1 in Stealth
  2019 | D:3      | Noticed an ogre
  2112 | D:3      | Found a stormy altar of Qazlal.
  2155 | D:3      | Reached skill level 2 in Short Blades
  2693 | D:4      | Found a radiant altar of Vehumet.
  2714 | D:4      | Killed an ogre
  2714 | D:4      | Reached XP level 5. HP: 19/41 MP: 10/10
  2725 | D:4      | Reached skill level 3 in Short Blades
  3029 | D:4      | Noticed letownia's ghost (amateur DDNe)
  3074 | D:4      | Reached XP level 6. HP: 39/48 MP: 11/11
  3086 | D:4      | Reached skill level 1 in Slings
  3123 | D:4      | Killed letownia's ghost
  3123 | D:4      | Reached skill level 4 in Short Blades
  3695 | D:4      | Found a hazy altar of Hepliaklqana.
  3856 | D:4      | Found a runed door.
  3862 | D:4      | Noticed Crazy Yiuf
  3878 | D:4      | Killed Crazy Yiuf
  4116 | D:5      | Entered Level 5 of the Dungeon
  4128 | D:5      | Found a bloodstained altar of Trog.
  4194 | D:5      | Reached XP level 7. HP: 44/56 MP: 12/12
  4461 | D:5      | Reached skill level 5 in Short Blades
  5262 | D:6      | Found a staircase to the Ecumenical Temple.
  5513 | D:6      | Reached XP level 8. HP: 63/63 MP: 14/14
  5729 | D:6      | Reached skill level 6 in Short Blades
  6359 | D:7      | Found Faebariutt's Gadget Boutique.
  6470 | D:7      | Reached skill level 1 in Evocations
  7055 | D:7      | Reached XP level 9. HP: 70/71 MP: 15/17
  7163 | D:8      | Reached skill level 7 in Short Blades
  7239 | D:8      | Reached skill level 1 in Armour
  7268 | D:8      | Gained mutation: Your mind is acute. (Int +2) [potion of mutation]
  7268 | D:8      | Gained mutation: Scrolls take you a little longer to read. [potion of mutation]
  7268 | D:8      | Gained mutation: You have a pair of small antennae on your head. [potion of mutation]
  7271 | D:8      | Slain by an ogre

Skill      XL: |  1  2  3  4  5  6  7  8  9 |
---------------+----------------------------+-----
Dodging        | 2 3 4 |  4.2
Unarmed Combat | 3 |  3.1
Fighting       | 1 2 3 4 |  4.2
Transmutations | 2 3 4 |  4.1
Short Blades   | 1 2 3 4 5 6 7 |  7.3
Stealth        | 1 2 3 4 |  4.9
Slings         | 1 |  1.0
Spellcasting   | 2 3 |  3.4
Evocations     | 1 |  1.2
Armour         | 1 |  1.0
Throwing       | |  0.3

Action                   |  1- 3 |  4- 6 |  7- 9 || total
-------------------------+-------+-------+-------++-------
Melee: Short sword       |   141 |   156 |   351 ||   648
       Unarmed           |     6 |       |       ||     6
       Headbutt          |     1 |     2 |    46 ||    49
       Kick              |     1 |       |       ||     1
       Punch             |     1 |     3 |     4 ||     8
 Fire: Hunting sling     |       |     4 |       ||     4
Throw: Stone             |       |     1 |     7 ||     8
 Cast: Beastly Appendage |     5 |     2 |    28 ||    35
Evoke: Wand              |       |       |     9 ||     9
  Use: Scroll            |     2 |     5 |     1 ||     8
       Potion            |     1 |     8 |     5 ||    14
 Stab: Sleeping          |     3 |     1 |     8 ||    12
       Invisible         |       |     3 |       ||     3
  Eat: Bread ration      |     2 |     2 |     1 ||     5
       Meat ration       |       |       |     1 ||     1
       Royal jelly       |       |       |     1 ||     1
Armor: Robe              |    32 |     6 |    20 ||    58
       Skin              |       |    13 |       ||    13
       Ring mail         |       |       |    23 ||    23
Dodge: Dodged            |    99 |    80 |   200 ||   379
Block: Other             |       |    20 |    56 ||    76
       Reflection        |       |       |     2 ||     2
